 Dungeon Crawl Stone Soup version 0.28.0-53-g5a82cb258f (webtiles) character file.

Game seed: 11989808886500141070

7876 mcbry74 the Severer (level 11, -35/76 HPs)
             Began as a Hill Orc Fighter on June 28, 2022.
             Was a High Priest of Hepliaklqana.
             Killed from afar by an orc warrior (40 damage)
             ... with a bolt of acid
             ... on level 10 of the Dungeon.
             The game lasted 00:43:08 (9447 turns).

mcbry74 the Severer (Hill Orc Fighter)              Turns: 9447, Time: 00:43:08

Health: -35/76     AC: 11    Str: 22    XL:     11   Next: 22%
Magic:  0/12       EV:  4    Int: 10    God:    Hepliaklqana [*****.]
Gold:   461        SH: 15    Dex: 10    Spells: 10/10 levels left

rFire   . . .      SeeInvis .   x - +3 hand axe (flame)
rCold   . . .      Faith    .   B - +1 tower shield
rNeg    . . .      Spirit   +   o - +0 plate armour
rPois   +          Reflect  .   t - +0 helmet
rElec   .          Harm     .   (no cloak)
rCorr   .          Rampage  .   (no gloves)
Will    +....                   (no boots)
Stlth   ..........              g - amulet of guardian spirit
HPRegen 0.22/turn               n - ring of poison resistance
MPRegen 0.13/turn               F - ring of willpower

@: corroded, invisible
A: reduced essence
a: Renounce Religion, Recall Ancestor, Ancestor Identity, Transference, Idealise


You were on level 10 of the Dungeon.
You worshipped Hepliaklqana.
Hepliaklqana was extremely pleased with you.
You visited 1 branch of the dungeon, and saw 10 of its levels.

You collected 461 gold pieces.

Inventory:

Hand Weapons
 a - a +0 war axe
 x - a +3 hand axe of flaming (weapon)
Missiles
 d - 2 throwing nets
 h - 278 stones
 k - 19 poisoned darts (quivered)
 p - 3 curare-tipped darts
 C - 4 boomerangs
Armour
 b - a +0 scale mail
 c - a +0 buckler
 e - a +0 chain mail
 o - a +0 plate armour (worn)
 t - a +0 helmet (worn)
 y - a +0 troll leather armour
 B - a +1 tower shield (worn)
 J - +0 acid dragon scales
Jewellery
 g - an amulet of guardian spirit (around neck)
 n - a ring of poison resistance (left hand)
 E - a ring of flight
 F - a ring of willpower (right hand)
Wands
 m - a wand of flame (6)
 w - a wand of charming (4)
 I - a wand of digging (4)
Scrolls
 l - 9 scrolls of teleportation
 q - a scroll of noise
 D - 2 scrolls of immolation
Potions
 f - a potion of haste
 j - a potion of flight
 s - 2 potions of attraction
 u - 4 potions of mutation
 z - a potion of heal wounds {unknown}
 A - 4 potions of curing
Miscellaneous
 K - a phantom mirror


   Skills:
 + Level 4.9 Fighting
 + Level 15.2 Axes
 * Level 2.9 Throwing
 + Level 9.9 Armour
 + Level 8.3 Shields
 + Level 2.2 Invocations
 + Level 2.6 Evocations


You had 10 spell levels left.
You didn't know any spells.
Your spell library contained the following spells:

 Spells                   Type           Power      Damage    Failure   Level
 Shock                    Conj/Air       0%         1d3       100%        1
 Summon Small Mammal      Summ           0%         N/A       100%        1
 Blink                    Tloc           0%         N/A       100%        2
 Call Canine Familiar     Summ           0%         N/A       100%        3
 Lesser Beckoning         Tloc           0%         N/A       100%        3
 Summon Guardian Golem    Hex/Summ       0%         N/A       100%        3
 Manifold Assault         Tloc           0%         N/A       100%        5


Dungeon Overview and Level Annotations

Branches:
Dungeon (10/15)            Temple (0/1) D:5            Lair (0/6) D:10
    Orc (0/2) D:9

Altars:
Dithmenos
Hepliaklqana
Nemelex Xobeh
Qazlal
Uskayaw
Vehumet
Wu Jian
Xom

Shops:
D:2 [   D:9 (


Message History

You block the wyvern's attack.
You hit the wyvern. You burn the wyvern.
You kill the wyvern!
You slash the wyvern! You burn the wyvern.
You kill the wyvern!
You block the orc warrior's attack.
Things that are here:
a wyvern corpse; a water moccasin corpse You hit the orc warrior.
You burn the orc warrior.
The orc warrior is moderately wounded.
The orc warrior zaps a wand.
The bolt of acid hits you!
You hit the orc warrior but do no damage.
The orc warrior is moderately wounded.
The orc warrior hits you with a +0 flail.
You hit the orc warrior but do no damage.
The orc warrior is moderately wounded.
You block the orc warrior's attack.
You barely miss the orc warrior.
The orc warrior is moderately wounded.
The orc warrior zaps a wand.
The bolt of acid hits you!!
* * * LOW HITPOINT WARNING * * *
You fade into invisibility!
The orc warrior zaps a wand.
The bolt of acid hits you!
* * * LOW HITPOINT WARNING * * *
The acid corrodes you! You block the orc warrior's attack.
You hit the orc warrior but do no damage.
The orc warrior is moderately wounded.
The orc warrior hits you but does no damage.
You catch the helpless orc warrior completely off-guard!
You hit the orc warrior but do no damage.
The orc warrior is moderately wounded.
You block the orc warrior's attack.
You slash the orc warrior! You burn the orc warrior.
The orc warrior is heavily wounded.
You hit the orc warrior. You burn the orc warrior.
The orc warrior is almost dead.
The orc warrior zaps a wand.
The bolt of acid hits you!!!
Ouch! That really hurt!
You die...

.....
##..##..†..........#####
..... #...##†##..)†.)....#
....P #...#...#.†._.....<#
.....#####........##.....####
..P................#.#...#
...##.#..............#......
# #.#.l..........#########
#......#........##
#>##.##.#...#.o@)#
#.##.#...##†#.#
#.......###.#.## ####.####
#.#..## #.# #)#...# #.#
#.#.≈♣P# ..#.≈≈P# ###≈♣≈≈#
#...##


You could see an orc warrior.

Vanquished Creatures
  The ghost of kwassi the Stinger, a novice OpTm of Cheibriados (D:6)
  Pikel (D:7)
  A manticore (D:8)
  Psyche (D:10)
  2 trolls
  A hornet (D:8)
  A vampire (D:9)
  3 wyverns
  A basilisk (D:10)
  An acid dragon (D:8)
  5 water moccasins
  An ice beast (D:6)
  4 orc warriors
  A black bear (D:6)
  An ogre (D:7)
  3 centaurs
  A kobold brigand (D:7)
  A bullfrog (D:8)
  A gnoll sergeant (D:8)
  2 scorpions (D:5)
  4 killer bees (D:7)
  3 electric eels (D:9)
  A hound (D:7)
  2 centaur zombies
  2 bullfrog skeletons (D:6)
  2 jellies
  7 orc priests
  A centaur skeleton (D:7)
  2 iguanas
  Natasha (twice) (D:3)
  8 orc wizards
  A killer bee zombie (D:9)
  A hound skeleton (D:4)
  2 howler monkey zombies
  5 adders
  9 gnolls
  A white imp (D:6)
  A worm (D:2)
  2 dart slugs
  24 orcs
  4 bats
  3 endoplasms
  2 giant cockroaches
  10 goblins
  8 hobgoblins
  2 jackals (D:1)
  3 kobolds
  3 ball pythons
  2 frilled lizards
  2 rats (D:2)
152 creatures vanquished.

Vanquished Creatures (collateral kills)
  Joseph (D:7)
  A wraith (D:10)
  Grum (D:10)
  A basilisk (D:10)
  An ice beast (D:8)
  A black bear (D:7)
  A hornet zombie (D:7)
  2 wolves (D:10)
  A phantom (D:6)
  2 bullfrogs
  2 howler monkeys
  A centaur skeleton (D:6)
  A hound (D:4)
  2 orc priests
  Natasha (D:3)
  4 orc wizards
  A scorpion zombie (D:5)
  A hound skeleton (D:5)
  Robin (D:3)
  3 adders
  2 gnolls (D:8)
  A white imp (D:7)
  9 orcs
  A giant cockroach (D:4)
  3 goblins
  3 hobgoblins
  3 kobolds
  A ball python (D:3)
  2 rats
54 creatures vanquished.

Vanquished Creatures (others)
  3 hexers
  2 orcs (D:9)
  4 fungi (D:10)
  64 plants (D:10)
73 creatures vanquished.

Grand Total: 279 creatures vanquished

Notes
Turn   | Place    | Note
-------+----------+-------------------------------------------
     0 | D:1      | mcbry74 the Hill Orc Fighter began the quest for the Orb.
     0 | D:1      | Reached XP level 1. HP: 19/19 MP: 1/1
   150 | D:1      | You fall into a shaft and drop 1 floor!
   153 | D:2      | Reached skill level 3 in Axes
   163 | D:2      | Found a hazy altar of Hepliaklqana.
   173 | D:2      | Reached XP level 2. HP: 26/26 MP: 2/2
   215 | D:2      | Became a worshipper of Hepliaklqana the Forgotten
   671 | D:1      | Reached XP level 3. HP: 31/31 MP: 3/3
   675 | D:1      | Found a faded altar of an unknown god.
   683 | D:1      | Got Plato's Volume of Combat Magic
   996 | D:2      | Found Yqutob's Armour Shop.
   997 | D:2      | Reached * piety under Hepliaklqana
  1037 | D:2      | Reached skill level 4 in Axes
  1213 | D:2      | Reached XP level 4. HP: 35/35 MP: 4/4
  1378 | D:3      | Noticed Natasha
  1387 | D:3      | Killed Natasha
  1429 | D:3      | Reached skill level 5 in Axes
  1429 | D:3      | Found a hide-covered altar of Uskayaw.
  1434 | D:3      | Reached XP level 5. HP: 40/40 MP: 3/5
  1475 | D:3      | Noticed Natasha
  1475 | D:3      | Noticed Robin
  1599 | D:3      | Killed Natasha
  1643 | D:3      | Killed Robin
  1644 | D:3      | Reached skill level 6 in Axes
  1666 | D:3      | Noticed Natasha
  1672 | D:3      | Killed Natasha
  1894 | D:3      | Found a hazy altar of Hepliaklqana.
  2039 | D:3      | Reached XP level 6. HP: 45/45 MP: 6/6
  2289 | D:4      | Reached skill level 7 in Axes
  2289 | D:4      | Reached skill level 5 in Armour
  2564 | D:4      | Reached ** piety under Hepliaklqana
  2566 | D:4      | Reached XP level 7. HP: 51/51 MP: 7/7
  2578 | D:4      | Remembered your ancestor Shatu-murrim as a hexer
  2905 | D:5      | Entered Level 5 of the Dungeon
  2970 | D:5      | Reached skill level 8 in Axes
  3104 | D:5      | Found a staircase to the Ecumenical Temple.
  3419 | D:5      | Reached skill level 9 in Axes
  3635 | D:5      | Found a shimmering altar of Xom.
  3644 | D:5      | Noticed a troll
  3655 | D:5      | Killed a troll
  3656 | D:5      | Reached skill level 10 in Axes
  3656 | D:5      | Reached XP level 8. HP: 56/57 MP: 8/8
  3677 | D:5      | Reached *** piety under Hepliaklqana
  4125 | D:6      | Found a runed translucent door.
  4127 | D:6      | Noticed kwassi's ghost (novice OpTm)
  4159 | D:6      | Killed kwassi's ghost
  4160 | D:6      | Reached skill level 11 in Axes
  4160 | D:6      | Reached skill level 5 in Shields
  4160 | D:6      | Reached XP level 9. HP: 56/63 MP: 9/9
  4521 | D:6      | Reached **** piety under Hepliaklqana
  4556 | D:6      | Reached skill level 12 in Axes
  4764 | D:7      | Noticed Joseph
  4776 | D:7      | Killed Joseph
  5228 | D:7      | Reached skill level 13 in Axes
  5318 | D:7      | Noticed Pikel
  5325 | D:7      | Killed Pikel
  5326 | D:7      | Reached XP level 10. HP: 69/69 MP: 10/10
  5487 | D:7      | Reached skill level 14 in Axes
  6055 | D:7      | Found a radiant altar of Vehumet.
  6331 | D:8      | Noticed a manticore
  6337 | D:8      | Killed a manticore
  6414 | D:8      | Found an ornate altar of the Wu Jian Council.
  7091 | D:9      | Reached skill level 1 in Evocations
  7121 | D:9      | HP: 3/69 [something (1)]
  7473 | D:9      | Found Kantus's Antique Weapon Shop.
  7507 | D:9      | Reached skill level 1 in Throwing
  8040 | D:9      | Reached skill level 15 in Axes
  8362 | D:9      | Found a staircase to the Orcish Mines.
  8537 | D:9      | Found a stormy altar of Qazlal.
  8679 | D:9      | Reached ***** piety under Hepliaklqana
  9187 | D:10     | Entered Level 10 of the Dungeon
  9188 | D:10     | Found a sparkling altar of Nemelex Xobeh.
  9188 | D:10     | Found a shadowy altar of Dithmenos.
  9201 | D:10     | Noticed Psyche
  9207 | D:10     | Killed Psyche
  9208 | D:10     | Reached XP level 11. HP: 76/76 MP: 11/11
  9213 | D:10     | Noticed Grum
  9223 | D:10     | Reached skill level 1 in Invocations
  9227 | D:10     | Killed Grum
  9407 | D:10     | Found a staircase to the Lair.
  9447 | D:10     | Killed from afar by an orc warrior

Illustrated notes

Levels and vault maps discovered:
D:1:      nzn_arrival_settlement, layout_basic,
          shapermc_ecumenical_altar_rom_forum
D:2:      layout_rooms, basic_altar, serial_shops, nicolae_shop_statue_plus
D:3:      layout_rooms, lemuel_coloured_pillars_altar, lemuel_tele_altar,
          minivault_19, uniq_robin, uniq_natasha
D:4:      layout_basic
D:5:      layout_basic, mainiacjoe_overflow_paths,
          minmay_temple_entry_mini_moons
D:6:      layout_gridville, ebering_ghost_inner_flame
D:7:      layout_loops_ring, mainiacjoe_overflow_catwalk,
          hangedman_minor_gate_pass, uniq_joseph, uniq_pikel
D:8:      layout_rooms, nzn_wu_jian_contemplation, minmay_misc_feat_five
D:9:      layout_layer_cave, nicolae_qazlal_general_emergency, erik_orc_2,
          serial_shops, kennysheep_mini_moat
D:10:     layout_loops_ring, pdpol_temple_overflow_zin_treasury_gozag_greed,
          minitemple, mainiacjoe_overflow_six_doors_small,
          grunt_temple_overflow_open, minmay_lair_entry_grove, serial_bayou,
          serial_bayou_pond_b, serial_bayou_crossing, serial_bayou_pond_a,
          serial_bayou_pond_d, serial_bayou_shore_b, serial_bayou_lagoon_a,
          enter_bailey_5, fountainhead, uniq_psyche, uniq_urug, uniq_grum

Skill      XL: |  1  2  3  4  5  6  7  8  9 10 11 |
---------------+----------------------------------+-----
Axes           | 3 4 5 6 7 10 11 13 15 | 15.2
Armour         | 4 5 6 7 8 9 |  9.9
Shields        | 4 5 6 8 |  8.3
Evocations     | 2 |  2.6
Fighting       | 4 |  4.9
Throwing       | 1 2 |  2.9
Invocations    | 2 |  2.2

Action                   |  1- 3 |  4- 6 |  7- 9 | 10-12 || total
-------------------------+-------+-------+-------+-------++-------
Melee: War axe           |    79 |    85 |   146 |       ||   310
       Hand axe          |       |       |    51 |   284 ||   335
Throw: Stone             |    10 |       |       |       ||    10
       Dart              |       |    10 |     4 |    14 ||    28
Invok: Ancestor Identity |     1 |       |       |       ||     1
       Recall Ancestor   |       |     1 |       |       ||     1
       Ancestor Life: He |       |       |     1 |       ||     1
Evoke: Wand              |       |       |       |     2 ||     2
  Use: Scroll            |     4 |       |     6 |     5 ||    15
       Potion            |       |       |     1 |     4 ||     5
 Stab: Distracted        |       |     1 |     5 |     3 ||     9
       Confused          |       |       |     4 |    11 ||    15
       Invisible         |       |       |       |     1 ||     1
Armor: Scale mail        |    20 |       |       |       ||    20
       Chain mail        |    29 |    11 |       |       ||    40
       Plate armour      |       |    58 |   102 |   109 ||   269
       Skin              |       |       |       |    10 ||    10
Dodge: Dodged            |    28 |    24 |    26 |    26 ||   104
Block: Buckler           |    16 |    16 |    16 |       ||    48
       Tower shield      |       |       |    74 |   170 ||   244
